 Dungeon Crawl Stone Soup version 0.22-a0-412-g2b68d14 (webtiles) character file.

379 Borgoz the Skirmisher (level 6, -11/53 HPs)
             Began as a Hill Orc Abyssal Knight on May 12, 2018.
             Was a Believer of Lugonu.
             Mangled by an ogre
             ... wielding a +0 giant spiked club
              (19 damage)
             ... on level 5 of the Dungeon.
             The game lasted 00:07:58 (4293 turns).

Borgoz the Skirmisher (Hill Orc Abyssal Knight)     Turns: 4293, Time: 00:07:59

Health: -11/53     AC: 12    Str: 15    XL:     6   Next: 74%
Magic:  9/9        EV: 10    Int: 12    God:    Lugonu [**....]
Gold:   214        SH:  0    Dex: 12    Spells: 5/5 levels left

rFire    + . .     SeeInvis .   a - +1 hand axe
rCold    . . .     Gourm    .   (no shield)
rNeg     . . .     Faith    .   v - +3 scale mail {rF+}
rPois    .         Spirit   .   (no helmet)
rElec    .         Reflect  .   (no cloak)
rCorr    .         Harm     .   (no gloves)
MR       .....                  q - +1 pair of boots
Stlth    ..........             (no amulet)
HPRegen  0.17/turn              n - ring of flight
MPRegen  0.11/turn              (no ring)

@: no status effects
A: no striking features
a: Depart the Abyss, Bend Space, Renounce Religion, Evoke Flight


You were on level 5 of the Dungeon.
You worshipped Lugonu.
Lugonu was pleased with you.
You were not hungry.

You visited 1 branch of the dungeon, and saw 5 of its levels.
You visited the Abyss 1 time.

You collected 214 gold pieces.

Inventory:

Hand Weapons
 a - a +1 hand axe (weapon)
Armour
 q - a +1 pair of boots (worn)
 v - a +3 scale mail of fire resistance (worn)
Jewellery
 n - a ring of flight (left hand)
Scrolls
 d - 2 scrolls of blinking {unknown}
 e - a scroll of fear {unknown}
 f - 3 scrolls of remove curse
 g - 2 scrolls of immolation {unknown}
 l - a scroll of fog {unknown}
 m - 2 scrolls of enchant weapon {unknown}
 o - a scroll of amnesia {unknown}
Potions
 j - a potion of flight
 k - a potion of curing
 p - a potion of heal wounds
 s - a potion of berserk rage
 t - a potion of agility
Miscellaneous
 h - a phial of floods (inert)
Comestibles
 c - 12 rations


   Skills:
 + Level 4.7 Fighting
 + Level 4.5 Axes
 + Level 3.6 Armour
 * Level 3.2 Dodging
 + Level 4.2 Invocations


You had 5 spell levels left.
You didn't know any spells.
Your spell library was empty.

Dungeon Overview and Level Annotations

Branches:
Dungeon (5/15)
 Temple: D:4-7

Altars:
Fedhas
Gozag
Okawaru
Sif Muna
Uskayaw
Vehumet
Xom


Message History

The ogre is lightly wounded.
The ogre barely misses you.
You hit the ogre but do no damage.
The ogre is lightly wounded.
You hit the ogre but do no damage.
The ogre is lightly wounded.
The ogre hits you with a giant spiked club!
You hit the ogre.
The ogre is moderately wounded.
The ogre hits you with a giant spiked club!
* * * LOW HITPOINT WARNING * * *
You hit the ogre.
The ogre is moderately wounded.
You hit the ogre.
The ogre is heavily wounded.
The ogre closely misses you.
You hit the ogre.
The ogre is heavily wounded.
The ogre hits you with a giant spiked club!!
You die...

..J.. )...#
##... #...#
##...# # #...#
###.#.J.#
#.....O##
#......@###
#....#....#####
#....##.......##
###.#
###......### .##
##
##.......##..#
##.......#..###
#........#..#.
#.........#...
##............


You could see an ogre and an ooze.

Vanquished Creatures
  An ogre (D:4)
  An iguana (D:4)
  5 worker ants
  3 gnolls (D:3)
  4 adders
  2 worms (D:2)
  2 dart slugs (D:2)
  2 leopard geckos
  3 orcs (D:3)
  3 giant cockroaches
  9 goblins
  8 hobgoblins
  8 jackals
  2 quokkas (D:4)
  A ball python (D:3)
  7 bats
  2 frilled lizards (D:2)
  11 kobolds
  5 rats
79 creatures vanquished.

Vanquished Creatures (collateral kills)
  A worker ant (D:4)
  An orc (D:4)
2 creatures vanquished.

Grand Total: 81 creatures vanquished

Notes
Turn   | Place    | Note
-------+----------+-------------------------------------------
     0 | Abyss:1  | Borgoz the Hill Orc Abyssal Knight began the quest for the Orb.
     0 | Abyss:1  | Reached XP level 1. HP: 19/19 MP: 2/2
    57 | Abyss:2  | Found a corrupted altar of Lugonu.
    71 | Abyss:2  | Noticed a chaos spawn
    86 | Abyss:3  | Noticed a green death
    95 | Abyss:3  | Noticed a neqoxec
   113 | D:1      | Escaped the Abyss
   307 | D:1      | Reached skill level 1 in Dodging
   334 | D:1      | Reached XP level 2. HP: 27/27 MP: 3/3
   635 | D:1      | Reached * piety under Lugonu
  1053 | D:2      | Found a hide-covered altar of Uskayaw.
  1053 | D:2      | Found an opulent altar of Gozag.
  1054 | D:2      | Found a radiant altar of Vehumet.
  1076 | D:2      | Reached XP level 3. HP: 33/33 MP: 5/5
  1937 | D:3      | Reached XP level 4. HP: 33/40 MP: 6/6
  2368 | D:3      | Found a shimmering altar of Xom.
  2437 | D:3      | Reached XP level 5. HP: 46/46 MP: 7/7
  2617 | D:3      | Reached ** piety under Lugonu
  2771 | D:3      | Found a deep blue altar of Sif Muna.
  2771 | D:3      | Found a radiant altar of Vehumet.
  2773 | D:3      | Found a blossoming altar of Fedhas.
  2773 | D:3      | Found an iron altar of Okawaru.
  2773 | D:3      | Found an opulent altar of Gozag.
  2854 | D:4      | Noticed an ogre
  3296 | D:4      | Killed an ogre
  3296 | D:4      | Reached XP level 6. HP: 40/53 MP: 8/8
  4236 | D:5      | Entered Level 5 of the Dungeon
  4293 | D:5      | Mangled by an ogre

Vault maps used:
D:1:      saegor_arrival_simple_e, roderic_serpentine_path, minivault_23,
          moated_statue
D:2:      gammafunk_temple_overflow_claw, first_ration
D:3:      corexii_shack_village, doesnt_xom_only_xom
D:5:      serial_shops, kennysheep_mini_moat, hex_medium,
          minmay_guarded_unrand_vampires_tooth, uniq_blork_the_orc,
          uniq_prince_ribbit1
Abyss:2:  lemuel_flamethrower_3
Abyss:3:  small_statue_intersection, hangedman_grunt_abyss_rune_horror_hoard

Skill      XL: |  1  2  3  4  5  6 |
---------------+-------------------+-----
Dodging        | 1 2 3 |  3.2
Axes           | 3 4 |  4.5
Invocations    | 3 4 |  4.2
Fighting       | 4 |  4.7
Armour         | 3 |  3.6

Action                   |  1- 3 |  4- 6 || total
-------------------------+-------+-------++-------
Melee: Hand axe          |   104 |   210 ||   314
Invok: Depart the Abyss  |     1 |       ||     1
       Bend Space        |       |     1 ||     1
Evoke: Phial of floods   |       |     1 ||     1
  Use: Scroll            |       |    13 ||    13
       Potion            |       |     3 ||     3
  Eat: Chunk             |     3 |     8 ||    11
Armor: Leather armour    |    31 |    19 ||    50
       Skin              |       |    63 ||    63
       Scale mail        |       |    52 ||    52
Dodge: Dodged            |    65 |   151 ||   216

Table legend:
 A = Spawn XP
 B = Non-spawn XP
 C = Spawn XP percentage of total XP
 D = Spawn monster count
 E = Non-spawn monster count
 F = Spawn count percentage of total count
 G = Total turns spent on level
                    A         B        C        D         E        F      G
               +---------+---------+-------+---------+---------+-------+---------
         Total |       0 |     542 |   0.0 |       0 |      81 |   0.0 |  4293
               +---------+---------+-------+---------+---------+-------+---------
           D:1 |       0 |      21 |   0.0 |       0 |      14 |   0.0 |   741
           D:2 |       0 |      54 |   0.0 |       0 |      19 |   0.0 |   959
           D:3 |       0 |     119 |   0.0 |       0 |      31 |   0.0 |  1015
           D:4 |       0 |     302 |   0.0 |       0 |      15 |   0.0 |  1408
           D:5 |       0 |      46 |   0.0 |       0 |       2 |   0.0 |    57
               +---------+---------+-------+---------+---------+-------+---------
